 Dungeon Crawl Stone Soup version 0.21-a0-401-g0b6bec4 (webtiles) character file.

116 Xenofane the Ogre Mage (level 5, 0/45 HPs)
             Began as an Ogre Wizard on Oct 21, 2017.
             Slain by Purgy (3 damage)
             ... on level 4 of the Dungeon.
             The game lasted 00:07:03 (3494 turns).

Xenofane the Ogre Mage (Ogre Wizard)                Turns: 3494, Time: 00:07:04

Health: 0/45       AC:  3    Str: 11    XL:     5   Next: 0%
Magic:  11/12      EV: 10    Int: 20    God:
Gold:   76         SH:  0    Dex:  7    Spells: 5/13 levels left

rFire    . . .     SeeInvis .   i - +0 mace
rCold    . . .     Gourm    .   (no shield)
rNeg     . . .     Faith    .   a - +0 robe
rPois    .         Spirit   .   b - +0 hat
rElec    .         Reflect  .   (no cloak)
rCorr    +         Harm     .   (gloves unavailable)
MR       +....                  (boots unavailable)
Stlth    +.........             (no amulet)
HPRegen  0.15/turn              o - ring of protection from magic
MPRegen  0.13/turn              j - ring of resist corrosion

@: berserk cooldown
A: unfitting armour, tough skin 1
a: no special abilities


You were on level 4 of the Dungeon.
You were not hungry.

You visited 1 branch of the dungeon, and saw 4 of its levels.

You collected 76 gold pieces.

Inventory:

Hand Weapons
 i - a +0 mace (weapon)
 p - a +0 vampiric whip
Missiles
 e - 90 stones (quivered)
Armour
 a - a +0 robe (worn)
 b - a +0 hat (worn)
Jewellery
 j - a ring of resist corrosion (right hand)
 o - a ring of protection from magic (left hand)
Wands
 s - a wand of enslavement (1/24)
Scrolls
 n - 2 scrolls of random uselessness
 r - a scroll of blinking {unknown}
Books
 c - a book of Minor Magic

   Spells                             Type                      Level
   a - Magic Dart                     Conjuration                  1
   b - Blink                          Translocation                2
   c - Call Imp                       Summoning                    2
   d - Slow                           Hexes                        2
   e - Conjure Flame                  Conjuration/Fire             3
   f - Mephitic Cloud                 Conjuration/Poison/Air       3
Comestibles
 d - a bread ration


   Skills:
 - Level 0.6 Maces & Flails
 - Level 1.7 Dodging
 - Level 1.4 Stealth
 - Level 4.6 Spellcasting
 + Level 3.2 Conjurations
 - Level 0.8 Summonings
 - Level 0.8 Translocations


You had 5 spell levels left.
You knew the following spells:

 Your Spells              Type           Power        Failure   Level  Hunger
a - Magic Dart            Conj           ###.         3%          1    None
b - Blink                 Tloc           N/A          13%         2    #......
c - Call Imp              Summ           #.......     13%         2    #......
d - Mephitic Cloud        Conj/Pois/Air  #.......     22%         3    ##.....


Dungeon Overview and Level Annotations

Branches:
Dungeon (4/15)
 Temple: D:4-7

Altars:
Trog
Yredelemnul

Annotations:
D:3 Sigmund
D:4 Purgy


Innate Abilities, Weirdness & Mutations

You are too large for most types of armour.
You have tough skin. (AC +1)


Message History

The jackal bites you but does no damage.
The jackal completely misses you.
The jackal bites you but does no damage.
The jackal barely misses you.
You barely miss the jackal. The jackal misses you.
The jackal closely misses you. The jackal barely misses you.
The jackal bites you but does no damage.
You hit the jackal.
The jackal is moderately wounded.
Your surroundings suddenly seem different.
Purgy the Meek comes into view.
Purgy shouts!
Found 10 gold pieces.
Unknown command.
As you read the scroll labeled UDDO TUB JUOS, it crumbles to dust.
You hear a loud clanging noise!
It was a scroll of noise.
Purgy bites you.
* * * LOW HITPOINT WARNING * * *
Purgy claws you.
You die...

### .$#
#.# #.#
#.# #@#
#T#
#.......#
#########


You could see Purgy.

Vanquished Creatures
  A worker ant (D:4)
  An adder (D:2)
  A howler monkey skeleton (D:4)
  An ooze (D:1)
  A worm (D:2)
  A dart slug (D:2)
  A leopard gecko (D:2)
  3 orcs (D:4)
  3 giant cockroaches
  2 goblins
  5 hobgoblins
  6 kobolds
  A quokka (D:2)
  2 bats
  3 frilled lizards
  8 rats
40 creatures vanquished.

Vanquished Creatures (collateral kills)
  2 adders (D:2)
  An ooze (D:2)
  2 worms (D:2)
  A frilled lizard (D:3)
6 creatures vanquished.

Grand Total: 46 creatures vanquished

Notes
Turn   | Place    | Note
-------+----------+-------------------------------------------
     0 | D:1      | Xenofane the Ogre Wizard began the quest for the Orb.
     0 | D:1      | Reached XP level 1. HP: 16/16 MP: 5/5
   531 | D:1      | Reached skill level 1 in Conjurations
   635 | D:1      | Reached skill level 4 in Spellcasting
   635 | D:1      | Reached XP level 2. HP: 21/24 MP: 5/7
   934 | D:1      | Learned a level 2 spell: Blink
   937 | D:1      | Learned a level 2 spell: Call Imp
  1252 | D:2      | Reached XP level 3. HP: 12/31 MP: 1/8
  1642 | D:2      | Found a bloodstained altar of Trog.
  1644 | D:2      | Found a basalt altar of Yredelemnul.
  2467 | D:2      | Learned a level 3 spell: Mephitic Cloud
  2926 | D:3      | Reached XP level 4. HP: 35/39 MP: 3/10
  3386 | D:3      | Noticed Sigmund
  3411 | D:4      | Noticed an ogre
  3483 | D:4      | Reached XP level 5. HP: 12/45 MP: 9/12
  3492 | D:4      | Noticed Purgy
  3494 | D:4      | Slain by Purgy

Vault maps used:
D:1:      dpeg_arrival_pond
D:2:      lemuel_upstairs_altar, chequers_temple_overflow_statue_of_worship
D:3:      minivault_14, patterned_corridor, uniq_sigmund
D:4:      kennysheep_mini, first_bread, serial_shops, shop,
          uniq_crazy_yiuf_cottage, uniq_purgy

Skill      XL: |  1  2  3  4 |
---------------+-------------+-----
Conjurations   | 1 2 3 |  3.2
Spellcasting   | 4 |  4.6
Maces & Flails | |  0.6
Dodging        | |  1.7
Stealth        | |  1.4
Summonings     | |  0.8
Translocations | |  0.8

Action                   |  1- 3 |  4- 6 || total
-------------------------+-------+-------++-------
Melee: Mace              |    91 |    44 ||   135
       Unarmed           |     3 |       ||     3
Throw: Stone             |     3 |       ||     3
 Cast: Magic Dart        |    23 |     4 ||    27
       Call Imp          |     7 |       ||     7
       Blink             |     1 |     1 ||     2
  Use: Scroll            |       |     8 ||     8
       Potion            |       |     6 ||     6
 Stab: Sleeping          |     3 |       ||     3
       Distracted        |     1 |       ||     1
  Eat: Chunk             |     3 |     1 ||     4
       Bread ration      |     1 |       ||     1
Armor: Robe              |    30 |    22 ||    52
       Skin              |       |    42 ||    42
Dodge: Dodged            |    91 |    48 ||   139

Table legend:
 A = Spawn XP
 B = Non-spawn XP
 C = Spawn XP percentage of total XP
 D = Spawn monster count
 E = Non-spawn monster count
 F = Spawn count percentage of total count
 G = Total turns spent on level
                    A         B        C        D         E        F      G
               +---------+---------+-------+---------+---------+-------+---------
         Total |       0 |     166 |   0.0 |       0 |      46 |   0.0 |  3494
               +---------+---------+-------+---------+---------+-------+---------
           D:1 |       0 |      25 |   0.0 |       0 |      12 |   0.0 |  1088
           D:2 |       0 |      72 |   0.0 |       0 |      22 |   0.0 |  2029
           D:3 |       0 |      10 |   0.0 |       0 |       7 |   0.0 |   294
           D:4 |       0 |      59 |   0.0 |       0 |       5 |   0.0 |    83
               +---------+---------+-------+---------+---------+-------+---------
